 Dungeon Crawl Stone Soup version 0.21-a0-426-g98080a9 (webtiles) character file.

8229 zero the Cleaver (level 11, -1/106 HPs)
             Began as a Gargoyle Berserker on Nov 5, 2017.
             Was a High Priest of Trog.
             Splashed by an oklob plant's acid (12 damage)
             ... on level 1 of the Lair of Beasts.
             The game lasted 00:11:26 (8422 turns).

zero the Cleaver (Gargoyle Berserker)               Turns: 8422, Time: 00:11:27

Health: -1/106     AC:  0    Str: 29    XL:     11   Next: 27%
Magic:  0/11       EV: 14    Int:  8    God:    Trog [*****.]
Gold:   618        SH:  0    Dex:  9    Spells: 10/10 levels left

rFire    . . .     SeeInvis +   s - +1 war axe
rCold    . . .     Gourm    .   (no shield)
rNeg     + . .     Faith    .   f - +0 ring mail
rPois    ∞         Spirit   +   o - +0 helmet
rElec    +         Reflect  .   e - +1 cloak
rCorr    .         Harm     .   (no gloves)
MR       .....                  n - +0 pair of boots
Stlth    ..........             r - amulet of guardian spirit
HPRegen  0.27/turn              v - ring of see invisible
MPRegen  0.12/turn              F - +3 ring of evasion

@: berserking (expiring), corroded, very quick
A: negative energy resistance 1, electricity resistance, unbreathing, evolution
1, petrification resistance, rot immunity, AC +8
a: Berserk, Trog's Hand, Brothers in Arms, Burn Spellbooks, Renounce Religion


You were on level 1 of the Lair of Beasts.
You worshipped Trog.
Trog was extremely pleased with you.
You were hungry.

You visited 2 branches of the dungeon, and saw 9 of its levels.

You collected 618 gold pieces.

Inventory:

Hand Weapons
 s - a +1 war axe (weapon)
Armour
 e - a +1 cloak (worn)
 f - a +0 ring mail (worn)
 n - a +0 pair of boots (worn)
 o - a +0 helmet (worn)
Jewellery
 r - an amulet of guardian spirit (around neck)
 v - a ring of see invisible (left hand)
 w - a +3 ring of strength {unknown}
 F - a +3 ring of evasion (right hand)
Wands
 l - a wand of flame (48/48)
 p - a wand of confusion (13/48)
 t - a wand of lightning (9/15)
 x - a wand of acid (5/15)
 y - a wand of flame (40/48)
Scrolls
 b - 2 scrolls of fear
 d - a scroll of magic mapping
 j - a scroll of enchant weapon
 k - 3 scrolls of fog
 u - a scroll of identify
Potions
 g - 3 potions of curing
 h - a potion of heal wounds {unknown}
 i - 2 potions of flight
 m - a potion of might
 A - a potion of haste {unknown}
 B - a potion of brilliance {unknown}
 C - a potion of lignification
 D - a potion of resistance {unknown}
Comestibles
 a - 4 meat rations
 c - 3 bread rations
 q - 21 fruits


   Skills:
 + Level 9.5 Fighting
 * Level 11.9 Axes
 + Level 9.1 Armour
 - Level 1.5 Dodging


You had 10 spell levels left.
You didn't know any spells.

Dungeon Overview and Level Annotations

Branches:
Dungeon (8/15)             Temple (0/1) D:5            Lair (1/6) D:8

Altars:
Cheibriados
Fedhas
Okawaru
Sif Muna
Uskayaw
Wu Jian
The Shining One

Annotations:
Lair:1 exclusion: oklob plant


Innate Abilities, Weirdness & Mutations

You are resistant to torment.
Your stone body is resilient. (AC +8)
You are immune to poison.
You resist negative energy. (rN+)
You are resistant to electric shocks. (rElec)
You can survive without breathing.
You are immune to petrification.
You are immune to rotting.
You evolve.


Message History

You slash the oklob plant!
The oklob plant is moderately damaged.
You hit the plant but do no damage. You hit the oklob plant.
The oklob plant is moderately damaged.
You hit the plant but do no damage. You hit the oklob plant.
The oklob plant is heavily damaged.
You hit the plant but do no damage. You slash the oklob plant!
The oklob plant is severely damaged.
You hit the plant.
You hit the oklob plant but do no damage.
The oklob plant is severely damaged.
You slash the plant! The oklob plant spits acid at you.
The splash of acid hits you!
* * * LOW HITPOINT WARNING * * *
You are splashed with acid!
The acid burns!
You die...

##### #..[# #...# #### #P@$#
##..###########P..###############
.................................
.........................<.......
.............###.#...............
.................#...............
.................#..........###.#
.>#####.##.P.....#......###......
..#..........#...#.....## #.#....


You could see an oklob plant.

Vanquished Creatures
  Pikel (D:4)
  An oklob plant (Lair:1)
  3 black mambas (Lair:1)
  3 spiny frogs (Lair:1)
  A rime drake (Lair:1)
  3 blink frogs (Lair:1)
  Prince Ribbit (D:5)
  A wyvern (Lair:1)
  Sigmund (D:2)
  3 yaks (D:8)
  Eustachio (D:5)
  A hungry ghost (D:8)
  2 wargs (D:8)
  3 porcupines (Lair:1)
  2 ice beasts (D:5)
  2 sky beasts
  A black bear (D:8)
  2 phantoms (D:5)
  5 ogres
  A centaur (D:6)
  2 crocodiles (Lair:1)
  Blork the orc (D:5)
  3 bullfrogs
  2 scorpions
  A water moccasin skeleton (D:6)
  2 wights (D:8)
  An electric eel (Lair:1)
  2 crimson imps
  A howler monkey (D:6)
  A bullfrog skeleton (D:6)
  2 jellies
  Crazy Yiuf (D:4)
  2 hounds
  7 orc priests
  Jessica (D:2)
  Terence (D:3)
  5 orc wizards
  2 iguanas
  4 worker ants
  A hound skeleton (D:6)
  2 gnolls (D:4)
  10 adders
  A river rat (D:4)
  2 shadow imps (D:6)
  An ooze (D:2)
  3 adder skeletons
  An adder zombie (D:7)
  5 worms
  2 dart slugs
  10 leopard geckos
  30 orcs
  5 giant cockroaches
  7 goblins
  11 hobgoblins
  4 jackals (D:6)
  2 quokkas (D:5)
  5 ball pythons
  13 bats
  2 frilled lizards (D:3)
  9 kobolds
  2 quokka skeletons (D:7)
  A quokka zombie (D:6)
  10 rats
  4 plants (Lair:1)
222 creatures vanquished.

Vanquished Creatures (collateral kills)
  An orc warrior (D:8)
  2 wights (D:8)
  An orc (D:8)
4 creatures vanquished.

Vanquished Creatures (others)
  A slave (D:4)
  A gnoll (D:4)
  A butterfly (Lair:1)
3 creatures vanquished.

Grand Total: 229 creatures vanquished

Notes
Turn   | Place    | Note
-------+----------+-------------------------------------------
     0 | D:1      | zero the Gargoyle Berserker began the quest for the Orb.
     0 | D:1      | Reached XP level 1. HP: 14/14 MP: 1/1
    95 | D:1      | Reached skill level 3 in Axes
   144 | D:1      | Reached XP level 2. HP: 13/19 MP: 2/2
   502 | D:1      | Reached XP level 3. HP: 19/23 MP: 3/3
   659 | D:1      | Reached ** piety under Trog
   883 | D:2      | Noticed Sigmund
   892 | D:2      | Killed Sigmund
   892 | D:2      | Reached skill level 5 in Axes
   892 | D:2      | Reached XP level 4. HP: 28/28 MP: 4/4
   892 | D:2      | Reached XP level 5. HP: 32/32 MP: 5/5
   927 | D:2      | Noticed Jessica
   941 | D:2      | Killed Jessica
  1124 | D:2      | Reached XP level 6. HP: 37/37 MP: 6/6
  1246 | D:2      | Reached skill level 6 in Axes
  1652 | D:3      | Noticed Terence
  1665 | D:3      | Killed Terence
  2821 | D:4      | Found a glowing golden altar of the Shining One.
  2859 | D:4      | Reached *** piety under Trog
  2859 | D:4      | Reached XP level 7. HP: 36/42 MP: 7/7
  2981 | D:4      | Noticed Pikel
  2998 | D:4      | Killed Pikel
  2998 | D:4      | Reached skill level 5 in Fighting
  2998 | D:4      | Reached skill level 7 in Axes
  2998 | D:4      | Reached XP level 8. HP: 48/49 MP: 4/8
  3096 | D:4      | Found a runed door.
  3258 | D:4      | Found an ornate altar of the Wu Jian Council.
  3258 | D:4      | Found an iron altar of Okawaru.
  3479 | D:4      | Noticed Crazy Yiuf
  3487 | D:4      | Killed Crazy Yiuf
  3591 | D:5      | Entered Level 5 of the Dungeon
  3613 | D:5      | Found a faded altar of an unknown god.
  3614 | D:5      | Found a staircase to the Ecumenical Temple.
  3652 | D:5      | Reached skill level 8 in Axes
  3678 | D:5      | Reached skill level 5 in Armour
  3699 | D:5      | Noticed Eustachio
  3708 | D:5      | Killed Eustachio
  3760 | D:5      | Reached XP level 9. HP: 38/55 MP: 6/9
  3855 | D:5      | Noticed Blork the orc
  3863 | D:5      | Killed Blork the orc
  3895 | D:5      | Noticed Prince Ribbit
  3917 | D:5      | Killed Prince Ribbit
  3917 | D:5      | Reached skill level 9 in Axes
  4047 | D:5      | Found a snail-covered altar of Cheibriados.
  4065 | D:5      | Reached **** piety under Trog
  4295 | D:6      | Found a blossoming altar of Fedhas.
  4659 | D:6      | Found a hide-covered altar of Uskayaw.
  4659 | D:6      | Noticed a hand axe
  4660 | D:6      | Noticed a hand axe
  5146 | D:7      | Reached ***** piety under Trog
  5702 | D:7      | Gained mutation: Potions are less effective at restoring your health. [potion of mutation]
  5702 | D:7      | Gained mutation: You evolve. [potion of mutation]
  5844 | D:8      | Reached skill level 10 in Axes
  5871 | D:8      | Found a staircase to the Lair.
  5882 | D:8      | Reached XP level 10. HP: 52/63 MP: 6/10
  6489 | D:8      | Found a deep blue altar of Sif Muna.
  6583 | Lair:1   | Entered Level 1 of the Lair of Beasts
  6652 | Lair:1   | Noticed a spiny frog
  6667 | Lair:1   | Killed a spiny frog
  6705 | Lair:1   | Noticed an oklob plant
  6774 | Lair:1   | Reached skill level 11 in Axes
  6795 | Lair:1   | Noticed a spiny frog
  6804 | Lair:1   | Killed a spiny frog
  6908 | Lair:1   | Noticed a spiny frog
  6924 | Lair:1   | Killed a spiny frog
  7171 | Lair:1   | Reached XP level 11. HP: 41/71 MP: 7/11
  7202 | Lair:1   | Lost mutation: Potions are less effective at restoring your health. [evolution]
  8390 | Lair:1   | Noticed an oklob plant
  8416 | Lair:1   | Killed an oklob plant
  8422 | Lair:1   | Splashed by an oklob plant's acid

Vault maps used:
D:1:      mainiacjoe_arrival_reflecting_pool, minmay_misc_feat_x
D:2:      uniq_jessica, uniq_sigmund
D:3:      kennysheep_nub, minivault_23, grunt_ministairs_7, uniq_terence
D:4:      overflow_temple_1_default, chequers_temple_overflow_statue_of_worship,
          gup_sewer_entry_bubbles, grunt_ministairs_8, uniq_crazy_yiuf_cottage,
          uniq_pikel
D:5:      cheibrodos_worm_habitat, nicolae_temple_entry_ecumenical, first_bread,
          uniq_prince_ribbit1, uniq_blork_the_orc, uniq_eustachio
D:6:      dancing_weapons_uskayaw, overflow_temple_1_default, grunt_ministairs_1
D:8:      erik_lair_orcish_takeover, led_sif_book
Lair:1:   grunt_megastairs_3, minmay_lair_oklob_chamber, lemuel_fruit_fields,
          serial_bayou_shore_a, lemuel_fruit_tree

Skill      XL: |  1  2  3  4  5  6  7  8  9 10 11 |
---------------+----------------------------------+-----
Axes           | 3 5 6 7 8 10 11 | 11.9
Armour         | 3 4 5 7 8 9 |  9.1
Fighting       | 5 6 7 9 |  9.5
Dodging        | |  1.5

Action                   |  1- 3 |  4- 6 |  7- 9 | 10-12 || total
-------------------------+-------+-------+-------+-------++-------
Melee: Hand axe          |    99 |   146 |       |       ||   245
       War axe           |       |    36 |   348 |   209 ||   593
       Unarmed           |       |       |     3 |       ||     3
Invok: Berserk           |     1 |     1 |     5 |     5 ||    12
       Trog's Hand       |       |       |     2 |     2 ||     4
       Burn Spellbooks   |       |       |     1 |       ||     1
       Brothers in Arms  |       |       |       |     1 ||     1
  Use: Scroll            |       |     2 |    18 |     3 ||    23
       Potion            |       |       |     1 |       ||     1
  Eat: Chunk             |       |     6 |    11 |     8 ||    25
       Royal jelly       |       |     1 |     1 |       ||     2
       Fruit             |       |       |     3 |     3 ||     6
       Bread ration      |       |       |     1 |       ||     1
Armor: Animal skin       |    20 |       |       |       ||    20
       Ring mail         |    22 |    95 |   154 |    83 ||   354
Dodge: Dodged            |    66 |   104 |   216 |   127 ||   513

Table legend:
 A = Spawn XP
 B = Non-spawn XP
 C = Spawn XP percentage of total XP
 D = Spawn monster count
 E = Non-spawn monster count
 F = Spawn count percentage of total count
 G = Total turns spent on level
                    A         B        C        D         E        F      G
               +---------+---------+-------+---------+---------+-------+---------
         Total |       0 |   11757 |   0.0 |       0 |     222 |   0.0 |  8422
               +---------+---------+-------+---------+---------+-------+---------
           D:1 |       0 |      40 |   0.0 |       0 |      24 |   0.0 |   822
           D:2 |       0 |     306 |   0.0 |       0 |      24 |   0.0 |   730
           D:3 |       0 |     116 |   0.0 |       0 |      29 |   0.0 |  1170
           D:4 |       0 |    1062 |   0.0 |       0 |      26 |   0.0 |   869
           D:5 |       0 |    1456 |   0.0 |       0 |      27 |   0.0 |   698
           D:6 |       0 |     958 |   0.0 |       0 |      30 |   0.0 |   737
           D:7 |       0 |     427 |   0.0 |       0 |      16 |   0.0 |   809
           D:8 |       0 |    2109 |   0.0 |       0 |      27 |   0.0 |   748
        Lair:1 |       0 |    5283 |   0.0 |       0 |      19 |   0.0 |  1839
               +---------+---------+-------+---------+---------+-------+---------
